[Event "January 2 Early 2024"]
[Site "https://www.chess.com"]
[Date "2024.01.02"]
[Round "9"]
[White "Cordoba Roa, Angel Gabriel"]
[Black "Mekhitarian, Krikor Sevag"]
[Result "1/2-1/2"]
[Board "40"]
[TimeControl "180+1"]
[WhiteFideId "3957624"]
[BlackFideId "2107660"]
[WhiteElo "2659"]
[BlackElo "2838"]
[WhiteTeam "COL"]
[BlackTeam "BRA"]
[WhiteClock "0:00:05"]
[BlackClock "0:00:05"]

1. e4 e6 2. d4 d5 3. Nc3 Nf6 4. Bg5 dxe4 5. Nxe4 Be7 6. Bxf6 gxf6 7. Nf3 f5 8. Nc3 a6 9. g3 b5 10. Bg2 Bb7 11. O-O O-O 12. Re1 c5 13. dxc5 Bxc5 14. Qe2 Nd7 15. Rad1 Qc7 16. Qd2 Rfd8 17. Qg5+ Kh8 18. Qh4 Nf8 19. Ng5 Bxg2 20. Kxg2 Kg8 21. Ne2 Be7 22. Nf4 Rxd1 23. Rxd1 Qxc2 24. Qh5 Bxg5 25. Qxg5+ Ng6 26. Rd7 Qxb2 27. Nh5 Qe5 28. Rd8+ Rxd8 29. Qxd8+ Nf8 30. Nf6+ Kg7 31. Qxf8+ Kxf8 32. Nd7+ Ke7 33. Nxe5 f6 34. Nd3 Kd6 35. Kf3 a5 36. Ke3 Kd5 37. Nf4+ Kd6 38. Kd3 e5 39. Nh5 Ke7 40. Ng7 f4 41. gxf4 exf4 42. Nh5 f3 43. Ng3 Ke6 44. Ne4 Ke5 45. Nd2 Kf4 46. Nb3 a4 47. Nc5 Kg4 48. Ke3 f5 49. Nd3 h5 50. a3 h4 51. Ne5+ Kh3 52. Nxf3 b4 53. axb4 a3 54. Nd2 a2 55. Nb3 Kxh2 56. b5 Kg1 57. b6 h3 58. b7 h2 59. b8=Q h1=Q 60. Qg8+ Kf1 61. Qc4+ Kg1 62. Qc1+ Kh2 63. Qc2 Qd5 64. Qxa2 Qe4+ 65. Kd2 Kg2 66. Kc3 Qf3+ 67. Kb4 Qxf2 68. Qa8+ Qf3 69. Qg8+ Qg3 70. Qd5+ Qf3 71. Qd2+ Qf2 72. Qg5+ Kh3 73. Nc5 Qh4+ 74. Qxh4+ Kxh4 75. Kc4 Kg3 76. Nd3 f4 77. Nxf4 1/2-1/2

[Event "January 2 Early 2024"]
[Site "https://www.chess.com"]
[Date "2024.01.02"]
[Round "9"]
[White "Feuerstack, Aljoscha"]
[Black "Finek, Vaclav"]
[Result "0-1"]
[Board "41"]
[TimeControl "180+1"]
[WhiteFideId "4681932"]
[BlackFideId "23718293"]
[WhiteElo "2657"]
[BlackElo "2836"]
[WhiteTeam "GER"]
[BlackTeam "CZE"]
[WhiteClock "0:00:00"]
[BlackClock "0:00:46"]

1. e4 c5 2. Nf3 g6 3. g3 Bg7 4. Bg2 Nc6 5. O-O e6 6. c3 Nge7 7. d4 cxd4 8. cxd4 d6 9. Nc3 O-O 10. Be3 d5 11. Rc1 dxe4 12. Nxe4 Nf5 13. Bg5 Qb6 14. Nf6+ Kh8 15. Ne5 h6 16. Nxc6 bxc6 17. Rxc6 Qxd4 18. Ne4 Qxd1 19. Rxd1 hxg5 20. Nxg5 Rb8 21. Rc7 Kg8 22. b3 a5 23. Ra7 Bc3 24. Ne4 Bb4 25. g4 Nh4 26. Bf1 e5 27. Bc4 Nf3+ 28. Kg2 Nd4 0-1

[Event "January 2 Early 2024"]
[Site "https://www.chess.com"]
[Date "2024.01.02"]
[Round "9"]
[White "Volkov, Maksim"]
[Black "Narayanan, Srinath"]
[Result "1-0"]
[Board "42"]
[TimeControl "180+1"]
[WhiteFideId "54123070"]
[BlackFideId "5018420"]
[WhiteElo "2654"]
[BlackElo "2832"]
[WhiteTeam "RUS"]
[BlackTeam "IND"]
[WhiteClock "0:00:21"]
[BlackClock "0:00:12"]

1. d4 f5 2. c4 Nf6 3. Nf3 g6 4. e3 Bg7 5. b4 O-O 6. Be2 d6 7. Bb2 a5 8. b5 Re8 9. O-O Nbd7 10. Qb3 e6 11. Nc3 Qe7 12. Rac1 Kh8 13. Na4 e5 14. c5 e4 15. Ng5 d5 16. c6 bxc6 17. bxc6 Rb8 18. Qc3 Nf8 19. Ba3 Rb4 20. Bxb4 axb4 21. Qc5 h6 22. Qxe7 Rxe7 23. Nh3 g5 24. Nc5 f4 25. Kh1 f3 26. Ba6 Bf5 27. Ng1 g4 28. Rb1 Ng6 29. g3 h5 30. Rxb4 h4 31. a4 hxg3 32. fxg3 Bh6 33. Rb3 Nh5 34. Ne2 fxe2 35. Bxe2 Bc8 36. Rb8 Bxe3 37. Rxc8+ Kh7 38. Bxg4 Ng7 39. Nb3 Ne8 40. a5 Nd6 41. Rd8 Bg5 42. a6 Nb5 43. Rxd5 1-0

[Event "January 2 Early 2024"]
[Site "https://www.chess.com"]
[Date "2024.01.02"]
[Round "9"]
[White "Timerkhanov, Alexander"]
[Black "Materia, Marco"]
[Result "0-1"]
[Board "43"]
[TimeControl "180+1"]
[WhiteFideId "24177938"]
[BlackFideId "45150451"]
[WhiteElo "2650"]
[BlackElo "2831"]
[WhiteTeam "RUS"]
[BlackTeam "FRA"]
[WhiteClock "0:00:03"]
[BlackClock "0:01:04"]

1. d4 Nf6 2. Bg5 d5 3. Nd2 h6 4. Bxf6 exf6 5. e3 Bd6 6. g3 c6 7. Bg2 O-O 8. Ne2 Re8 9. c4 dxc4 10. Nxc4 Bc7 11. O-O Nd7 12. b4 Nb6 13. Qc2 Nd5 14. Rab1 a6 15. a4 Bg4 16. Nc3 Ne7 17. b5 axb5 18. axb5 Bf5 19. e4 Be6 20. d5 cxd5 21. exd5 Bf5 22. Be4 Bxe4 23. Qxe4 f5 24. Qd4 f4 25. d6 Nf5 26. Qxf4 Nxd6 27. Rfd1 Nxc4 28. Qxc4 Qc8 29. Nd5 Be5 30. Qxc8 Raxc8 31. Nb6 Rc7 32. Re1 Re6 33. Nd5 Rc5 34. Red1 Rd6 35. Ne7+ Kh7 36. b6 Re6 37. Nd5 Rcc6 38. Ra1 Bxa1 39. Rxa1 Red6 40. Ne7 Rxb6 41. Nc8 Ra6 42. Rb1 Rd7 0-1

[Event "January 2 Early 2024"]
[Site "https://www.chess.com"]
[Date "2024.01.02"]
[Round "9"]
[White "Boruchovsky, Avital"]
[Black "Tregubov, Pavel V."]
[Result "0-1"]
[Board "44"]
[TimeControl "180+1"]
[WhiteFideId "2800055"]
[BlackFideId "4115341"]
[WhiteElo "2825"]
[BlackElo "2642"]
[WhiteTeam "ISR"]
[BlackTeam "FRA"]
[WhiteClock "0:00:37"]
[BlackClock "0:01:13"]

1. d4 Nf6 2. Bg5 e6 3. Nd2 h6 4. Bxf6 Qxf6 5. Ngf3 g6 6. e4 d6 7. Bd3 Bg7 8. h4 e5 9. dxe5 dxe5 10. c3 O-O 11. h5 g5 12. Nf1 Nd7 13. Ne3 Nc5 14. Bc2 Rd8 15. Qe2 b6 16. b4 Ba6 17. c4 Ne6 18. Nd5 Rxd5 19. exd5 Nf4 20. Qe4 Nxg2+ 21. Kf1 Nf4 22. b5 Bc8 23. Re1 Bh3+ 24. Rxh3 Nxh3 25. Qh7+ Kf8 26. Bf5 Re8 27. Nd2 g4 28. Ne4 Qh4 29. Bd7 Nf4 30. Ng3 Qh3+ 0-1

[Event "January 2 Early 2024"]
[Site "https://www.chess.com"]
[Date "2024.01.02"]
[Round "9"]
[White "Teterev, Vitaly"]
[Black "Klukin, Kirill"]
[Result "1/2-1/2"]
[Board "45"]
[TimeControl "180+1"]
[WhiteFideId "13501429"]
[BlackFideId "24199273"]
[WhiteElo "2616"]
[BlackElo "2825"]
[WhiteTeam "BLR"]
[BlackTeam "RUS"]
[WhiteClock "0:00:08"]
[BlackClock "0:00:22"]

1. e4 c5 2. Nf3 g6 3. c3 Bg7 4. d4 cxd4 5. cxd4 d5 6. e5 a6 7. h3 Nc6 8. Nc3 f6 9. exf6 Nxf6 10. Bd3 O-O 11. O-O Nh5 12. Be3 Nf4 13. Bc2 Qd6 14. Re1 e6 15. Nh2 Bd7 16. Ne2 Nxe2+ 17. Rxe2 Qb4 18. Rd2 Rac8 19. Nf3 Qd6 20. Qe2 Na5 21. Bd3 Nc4 22. Bxc4 dxc4 23. Ne5 Bb5 24. Qg4 Qd5 25. a4 Bc6 26. Nxc6 Rxc6 27. a5 Rfc8 28. Re2 Qf5 29. Qg3 e5 30. Rd1 exd4 31. Bxd4 Rd8 32. Red2 Rcd6 33. Qe3 Re6 34. Qc3 Bh6 35. Be3 Rxd2 36. Rxd2 Bxe3 37. fxe3 Qe4 38. Rd7 Qxe3+ 39. Qxe3 Rxe3 40. Rxb7 Re5 41. Rc7 Rxa5 42. Rxc4 Rb5 43. b4 Kg7 44. Rc6 a5 45. bxa5 Rxa5 46. Kh2 h5 47. h4 Ra3 48. g3 Re3 49. Kh3 Re1 50. Rb6 Rc1 51. Ra6 Kf7 52. Ra7+ Kf6 53. Ra6+ Kf5 54. Ra5+ Ke6 55. Ra6+ Kf7 56. Ra5 Kf6 57. Ra6+ Kg7 58. Ra5 Rc7 59. Ra6 Rb7 60. Ra5 Rb6 61. Rc5 Kf6 62. Kg2 Re6 63. Kf3 Rb6 64. Rc3 Rd6 65. Ra3 Rd5 66. Ra6+ Kf5 67. Ra4 Rd3+ 68. Kg2 Rb3 69. Rf4+ Ke5 70. Ra4 Rc3 71. Ra5+ Kf6 72. Ra6+ Kf5 73. Ra5+ Ke6 74. Ra6+ Kf7 75. Ra5 Kf6 76. Ra6+ Kg7 77. Ra7+ Kh6 78. Rf7 Rd3 79. Kf2 Rd2+ 80. Kf3 Rd6 81. Kg2 Rc6 82. Kf3 g5 83. hxg5+ Kxg5 84. Rd7 Rc3+ 85. Kg2 Rc5 86. Rd4 Kg6 87. Kh3 Rc1 88. Rd6+ Kf5 89. Rd5+ Kg6 90. Rd6+ Kg5 91. Rd5+ Kh6 92. Rd6+ Kg7 93. Rd5 Kg6 94. Rd6+ 1/2-1/2

[Event "January 2 Early 2024"]
[Site "https://www.chess.com"]
[Date "2024.01.02"]
[Round "9"]
[White "Pakleza, Zbigniew"]
[Black "Golubev, Mikhail"]
[Result "1-0"]
[Board "46"]
[TimeControl "180+1"]
[WhiteFideId "1119290"]
[BlackFideId "14100983"]
[WhiteElo "2814"]
[BlackElo "2615"]
[WhiteTeam "POL"]
[BlackTeam "UKR"]
[WhiteClock "0:00:27"]
[BlackClock "0:00:00"]

1. d4 Nf6 2. Nf3 g6 3. Bf4 Bg7 4. e3 O-O 5. Be2 d6 6. h3 b6 7. O-O Bb7 8. c3 Ne4 9. a4 a5 10. Bh2 Nd7 11. Na3 e5 12. Qb3 Re8 13. Rfd1 exd4 14. cxd4 Ndf6 15. Rac1 Qe7 16. Nb5 Bd5 17. Bc4 Bxc4 18. Rxc4 Nd5 19. Rc2 Nef6 20. Rdc1 Qe6 21. Nd2 Bh6 22. Nxc7 Nxc7 23. Rxc7 Nd5 24. R7c2 Nb4 25. Qxe6 fxe6 26. Rc7 Nd3 27. R1c2 e5 28. dxe5 dxe5 29. Ne4 Re6 30. g4 Bf8 31. Rd2 Nc5 32. Nxc5 Bxc5 33. Rdd7 Bf8 34. b3 h6 35. Kg2 g5 36. Kf3 1-0

[Event "January 2 Early 2024"]
[Site "https://www.chess.com"]
[Date "2024.01.02"]
[Round "9"]
[White "Luo, Terry"]
[Black "De Winter, Arthur"]
[Result "0-1"]
[Board "47"]
[TimeControl "180+1"]
[WhiteFideId "30931045"]
[BlackFideId "1069020"]
[WhiteElo "2613"]
[BlackElo "2796"]
[WhiteTeam "USA"]
[BlackTeam "NED"]
[WhiteClock "0:02:03"]
[BlackClock "0:01:39"]

1. d4 Nf6 2. c4 g6 3. Nc3 Bg7 4. e4 d6 5. Nf3 O-O 6. Be2 Nbd7 7. O-O e5 8. Be3 Qe7 9. d5 h6 10. Nd2 Nh7 11. Nb5 Qd8 12. Nxa7 f5 13. Nxc8 f4 14. Nxd6 cxd6 15. Bg4 fxe3 16. Be6+ Kh8 17. fxe3 Nc5 18. Qg4 Nxe6 19. Qxe6 Qb6 20. Nf3 Qxe3+ 21. Kh1 Qxe4 22. Qxd6 Qxc4 23. Nxe5 0-1

[Event "January 2 Early 2024"]
[Site "https://www.chess.com"]
[Date "2024.01.02"]
[Round "9"]
[White "Veljanoski, Andrej"]
[Black "ilqar_74"]
[Result "0-1"]
[Board "48"]
[TimeControl "180+1"]
[WhiteFideId "15003604"]
[WhiteElo "2613"]
[BlackElo "2779"]
[WhiteTeam "MKD"]
[WhiteClock "0:00:02"]
[BlackClock "0:00:31"]

1. Nf3 Nf6 2. c4 e6 3. b3 d5 4. g3 Be7 5. Bg2 O-O 6. O-O c5 7. cxd5 Nxd5 8. d4 cxd4 9. Bb2 Nc6 10. Nxd4 Bf6 11. Nxc6 bxc6 12. Qc1 Ba6 13. Bf3 Qb6 14. Nd2 Rac8 15. Ne4 Be7 16. h4 c5 17. Nd2 Rcd8 18. Nc4 Qc7 19. Rd1 Nb6 20. Be5 Qc8 21. Nd6 Qd7 22. Qc2 Nd5 23. Nc4 Qc8 24. Rac1 Bb5 25. Bb2 Qa6 26. a3 Nb6 27. Ne5 Rxd1+ 28. Rxd1 c4 29. b4 Bf6 30. Rd6 Qc8 31. Be4 Qc7 32. Bxh7+ Kh8 33. Rxb6 axb6 34. f4 c3 35. Be4 Rc8 36. Kh2 Bxe5 37. fxe5 cxb2 38. Qd2 Qxe5 0-1

[Event "January 2 Early 2024"]
[Site "https://www.chess.com"]
[Date "2024.01.02"]
[Round "9"]
[White "Haug, Havard"]
[Black "Aswath, S"]
[Result "0-1"]
[Board "49"]
[TimeControl "180+1"]
[WhiteFideId "1547887"]
[BlackFideId "46694919"]
[WhiteElo "2777"]
[BlackElo "2610"]
[WhiteTeam "NOR"]
[BlackTeam "IND"]
[WhiteClock "0:00:09"]
[BlackClock "0:01:05"]

1. b3 e5 2. Bb2 Nc6 3. e3 Nf6 4. Bb5 Bd6 5. d3 a6 6. Bxc6 dxc6 7. e4 Be6 8. h3 Qe7 9. Nf3 Nd7 10. a4 g5 11. Nbd2 h5 12. Nc4 f6 13. Qe2 O-O-O 14. O-O-O Bc5 15. Kb1 Nf8 16. d4 exd4 17. Bxd4 Ng6 18. g3 g4 19. Bxc5 Qxc5 20. Nfd2 b5 21. Nb2 gxh3 22. Nd3 Qc3 23. Qe3 Ne5 24. Qc5 Rxd3 25. Qa7 Rxd2 26. Rxd2 Qxd2 27. Qa8+ Kd7 28. Qxh8 bxa4 29. bxa4 Nc4 30. Qxf6 Na3+ 31. Kb2 Qxc2+ 32. Kxa3 Qb3# 0-1

[Event "January 2 Early 2024"]
[Site "https://www.chess.com"]
[Date "2024.01.02"]
[Round "9"]
[White "Anuj Shrivatri"]
[Black "Aaditya Dhingra"]
[Result "1-0"]
[Board "50"]
[TimeControl "180+1"]
[WhiteFideId "35070924"]
[BlackFideId "25678191"]
[WhiteElo "2768"]
[BlackElo "2609"]
[WhiteTeam "IND"]
[BlackTeam "IND"]
[WhiteClock "0:00:31"]
[BlackClock "0:00:00"]

1. e4 e6 2. d4 d5 3. Nd2 Nf6 4. e5 Nfd7 5. c3 c5 6. Bd3 Nc6 7. Ne2 cxd4 8. cxd4 f6 9. exf6 Qxf6 10. Nf3 Bd6 11. O-O O-O 12. Bc2 g6 13. a3 Qg7 14. Bg5 Kh8 15. Qd2 Rxf3 16. gxf3 e5 17. dxe5 Ndxe5 18. Qxd5 Bc7 19. Rfe1 Be6 20. Qxe6 Nxf3+ 21. Kh1 Nxg5 22. Qg4 Qh6 23. Ng3 Rf8 24. f4 Rxf4 25. Qc8+ Rf8 26. Re8 Bd8 27. Rae1 Nf3 28. Rxf8+ Qxf8 29. Rf1 Qc5 30. Rxf3 Qxc2 31. Qd7 Be7 32. Rf7 Qc1+ 33. Nf1 Bc5 34. Qe8+ 1-0

[Event "January 2 Early 2024"]
[Site "https://www.chess.com"]
[Date "2024.01.02"]
[Round "9"]
[White "Hammer, Jon Ludvig"]
[Black "Shubenkova, Veronika"]
[Result "1-0"]
[Board "51"]
[TimeControl "180+1"]
[WhiteFideId "1503707"]
[BlackFideId "44124040"]
[WhiteElo "2760"]
[BlackElo "2604"]
[WhiteTeam "NOR"]
[BlackTeam "RUS"]
[WhiteClock "0:00:48"]
[BlackClock "0:00:36"]

1. e4 e6 2. d4 d5 3. Nd2 Nf6 4. e5 Nfd7 5. Bd3 c5 6. c3 Nc6 7. Ne2 Qb6 8. Nf3 Be7 9. O-O f6 10. exf6 Nxf6 11. Re1 Bd7 12. Nf4 Nd8 13. a4 O-O 14. Ne5 cxd4 15. cxd4 Bb4 16. Re3 h6 17. Rg3 Ne4 18. Bxe4 dxe4 19. Qg4 g5 20. Qh5 Be8 21. Qxh6 Rf5 22. Rxg5+ Rxg5 23. Qxg5+ Kf8 24. Qf6+ Kg8 25. Nfg6 Bxg6 26. Qxg6+ Kh8 27. Bg5 1-0

[Event "January 2 Early 2024"]
[Site "https://www.chess.com"]
[Date "2024.01.02"]
[Round "9"]
[White "Korchmar, Vasiliy"]
[Black "Jeet, Jain"]
[Result "0-1"]
[Board "52"]
[TimeControl "180+1"]
[WhiteFideId "24131750"]
[BlackFideId "5073022"]
[WhiteElo "2755"]
[BlackElo "2571"]
[WhiteTeam "RUS"]
[BlackTeam "IND"]
[WhiteClock "0:00:00"]
[BlackClock "0:00:59"]

1. e4 d6 2. d4 g6 3. Nc3 Nf6 4. f4 c6 5. Nf3 Nbd7 6. Bd3 Bg7 7. O-O O-O 8. e5 Ne8 9. Qe1 c5 10. d5 a6 11. e6 fxe6 12. Qxe6+ Kh8 13. Ng5 Ne5 14. fxe5 Rxf1+ 15. Bxf1 Bxe6 16. dxe6 Qb6 17. Nf7+ Kg8 18. Nd5 Qa5 19. Nxe7+ Kf8 20. exd6 Nxd6 21. Nxd6 Kxe7 22. Nc4 Qc7 23. Bg5+ Kxe6 24. Re1+ Kf7 25. Nb6 Bd4+ 26. Kh1 Qxb6 27. Bc4+ Kg7 28. Re7+ Kh8 29. h4 Rf8 30. h5 Qxb2 31. Bd3 Bf6 32. Bxf6+ Qxf6 0-1

[Event "January 2 Early 2024"]
[Site "https://www.chess.com"]
[Date "2024.01.02"]
[Round "9"]
[White "Sharapov, Evgeny"]
[Black "Vaibhav Jayant Raut"]
[Result "0-1"]
[Board "53"]
[TimeControl "180+1"]
[WhiteFideId "14103133"]
[BlackFideId "5089034"]
[WhiteElo "2558"]
[BlackElo "2737"]
[WhiteTeam "UKR"]
[BlackTeam "IND"]
[WhiteClock "0:01:56"]
[BlackClock "0:01:23"]

1. e4 c5 2. Nf3 e6 3. c4 Nc6 4. Nc3 e5 5. g3 d6 6. Bg2 g6 7. O-O Bg7 8. d3 Nge7 9. Rb1 O-O 10. a3 a5 11. Nd5 Nxd5 12. exd5 Ne7 13. b4 axb4 14. axb4 b6 15. bxc5 bxc5 16. Bd2 Bf5 17. Rb3 Ra2 18. Nh4 Bd7 19. Bc3 Ba4 20. Qb1 Bxb3 21. Qxb3 Ra8 22. Qb7 Rb8 23. Qa7 Re8 24. Ra1 Qb6 25. Qd7 Bf6 26. Nf3 Red8 27. Qa4 Qb3 28. Qxb3 Rxb3 29. Ba5 Ra8 30. Nd2 Rb2 31. Ne4 Kg7 32. Nxd6 Nf5 33. Nxf5+ gxf5 34. Bh3 Bd8 0-1

[Event "January 2 Early 2024"]
[Site "https://www.chess.com"]
[Date "2024.01.02"]
[Round "9"]
[White "Arabidze, Meri"]
[Black "Weisz, Bryan"]
[Result "1-0"]
[Board "54"]
[TimeControl "180+1"]
[WhiteFideId "13604040"]
[BlackFideId "30934133"]
[WhiteElo "2736"]
[BlackElo "2525"]
[WhiteTeam "GEO"]
[BlackTeam "USA"]
[WhiteClock "0:00:06"]
[BlackClock "0:00:04"]

1. Nf3 f5 2. d3 Nf6 3. e4 fxe4 4. dxe4 Nxe4 5. Bd3 d5 6. Bxe4 dxe4 7. Qxd8+ Kxd8 8. Ng5 Ke8 9. Nc3 Nc6 10. Be3 e6 11. O-O-O Bd6 12. Ngxe4 Be5 13. Rhe1 Kf7 14. f4 Bxc3 15. Nxc3 e5 16. fxe5 Bg4 17. Rf1+ Kg6 18. Rde1 Rhf8 19. Bf4 Rae8 20. Nd5 Nxe5 21. Rg1 c6 22. Bxe5 cxd5 23. Bd4 Re4 24. Bxa7 Ra8 25. Rxe4 dxe4 26. Bd4 Rxa2 27. Kd2 Ra4 28. Ke3 h5 29. h3 Bd7 30. Rf1 Rc4 31. c3 b5 32. Rf8 Be6 33. Kxe4 b4 34. Ke5 bxc3 35. bxc3 Bd7 36. Kd6 Bc6 37. Rg8 Kf5 38. Rxg7 Be8 39. g4+ hxg4 40. hxg4+ Kf4 41. g5 Rc6+ 42. Kd5 Ra6 43. Re7 Ra5+ 44. Kd6 Bg6 45. Bf6 Be4 46. Rg7 Rd5+ 47. Ke7 Rc5 48. Kd6 Rc6+ 49. Kd7 Kf5 50. Kd8 Rd6+ 51. Kc7 Rc6+ 52. Kd7 Rc4 53. Re7 Bc6+ 54. Kd6 Ba4 55. Re5+ Kg6 56. Rc5 Rf4 57. Ra5 Bb3 58. Ra8 Rc4 59. Rb8 Ba2 60. Rg8+ Kf5 61. Rf8 Kg6 62. Rg8+ Kf5 63. Ra8 Bb1 64. Kd5 Rc7 65. Kd6 Rc4 66. Ra5+ Kg6 67. Rb5 Be4 68. Rb4 Rc6+ 69. Ke5 Bg2 70. Rh4 Rxc3 71. Rh6+ Kf7 72. Rh7+ Kg6 73. Rh6+ Kf7 74. g6+ Ke8 75. Rh8+ Kd7 76. g7 Rc5+ 77. Kd4 Rd5+ 78. Kc4 Rd1 79. g8=Q Rc1+ 80. Bc3 Bf1+ 81. Kb3 Be2 82. Qf7+ Kc6 83. Qf6+ Kd5 84. Qe5+ Kc6 85. Qxe2 Rb1+ 86. Kc2 Rb5 87. Qxb5+ Kxb5 88. Rh4 1-0

[Event "January 2 Early 2024"]
[Site "https://www.chess.com"]
[Date "2024.01.02"]
[Round "9"]
[White "Srdanovic, Jovana"]
[Black "Tasev, Dejan"]
[Result "1-0"]
[Board "55"]
[TimeControl "180+1"]
[WhiteFideId "954810"]
[BlackFideId "936618"]
[WhiteElo "2522"]
[BlackElo "2713"]
[WhiteTeam "SRB"]
[BlackTeam "SRB"]
[WhiteClock "0:01:50"]
[BlackClock "0:01:04"]

1. d4 Nf6 2. c4 g6 3. Nc3 Bg7 4. e4 d6 5. Be2 O-O 6. Be3 Nbd7 7. Nf3 c5 8. d5 b5 9. cxb5 a6 10. O-O axb5 11. Bxb5 Ba6 12. a4 Ne8 13. Bxa6 Rxa6 14. Nd2 Nc7 15. a5 Qa8 16. Nc4 Rb8 17. f4 Rb4 18. Qd3 Ra7 19. Ra3 Qb7 20. Rfa1 Na6 21. Nb6 Nf6 22. Nb5 Nxe4 23. Nxa7 Qxa7 24. Ra4 f5 25. Rxb4 Nxb4 26. Qb5 Nc2 27. Qe8+ Bf8 28. Nd7 1-0

[Event "January 2 Early 2024"]
[Site "https://www.chess.com"]
[Date "2024.01.02"]
[Round "9"]
[White "Han, Yichen"]
[Black "Kopczynski, Michal"]
[Result "1-0"]
[Board "56"]
[TimeControl "180+1"]
[WhiteFideId "1054430"]
[BlackFideId "1124200"]
[WhiteElo "2692"]
[BlackElo "2518"]
[WhiteTeam "NED"]
[BlackTeam "POL"]
[WhiteClock "0:00:51"]
[BlackClock "0:00:25"]

1. e4 b6 2. d4 Bb7 3. Nd2 e6 4. Ngf3 Nf6 5. Bd3 d5 6. e5 Nfd7 7. O-O c5 8. c3 Nc6 9. Qe2 Qc7 10. a3 O-O-O 11. b4 c4 12. Bc2 h6 13. a4 Re8 14. Ba3 f5 15. a5 b5 16. Nh4 Ne7 17. Qh5 Rd8 18. Ng6 Nxg6 19. Qxg6 Qc6 20. Nf3 a6 21. Bc1 Rg8 22. Bxh6 Bxb4 23. Bg5 Bxc3 24. Bxd8 Bxa1 25. Be7 Bc3 26. Bd6 Bxa5 27. Qxe6 Rd8 28. Ng5 Bc7 29. Nf7 Bxd6 30. exd6 Rf8 31. Ne5 b4 32. Nxc6 Bxc6 33. Bxf5 b3 34. Qe5 Rd8 35. Qe1 Kb7 36. Qb4+ Nb6 37. Re1 Re8 38. Rxe8 Bxe8 39. Bc8+ Ka7 40. Qc5 b2 41. Qc7+ Ka8 42. Qb7# 1-0

[Event "January 2 Early 2024"]
[Site "https://www.chess.com"]
[Date "2024.01.02"]
[Round "9"]
[White "Agibileg, Uurtsaikh"]
[Black "Postnikov, Daniil"]
[Result "0-1"]
[Board "57"]
[TimeControl "180+1"]
[WhiteFideId "4901606"]
[BlackFideId "4166329"]
[WhiteElo "2690"]
[BlackElo "2509"]
[WhiteTeam "MGL"]
[BlackTeam "RUS"]
[WhiteClock "0:00:00"]
[BlackClock "0:00:06"]

1. d4 Nf6 2. c4 c5 3. d5 b5 4. cxb5 a6 5. e3 g6 6. Nc3 Bg7 7. a4 O-O 8. e4 e6 9. Bc4 Bb7 10. Nge2 Re8 11. O-O axb5 12. Bxb5 exd5 13. exd5 Na6 14. Bg5 Nb4 15. Bc4 Qa5 16. d6 Ba6 17. Nb5 Bxb5 18. axb5 Qxa1 19. Qxa1 Rxa1 20. Rxa1 Ne4 21. Bf4 g5 22. Bg3 Nxg3 23. hxg3 Bxb2 24. Ra7 Re4 25. Rxd7 Rxc4 26. Rd8+ Kg7 27. d7 Bf6 28. Re8 Nd5 29. g4 Nf4 30. Ng3 h6 31. b6 Rb4 32. Nf5+ Kh7 33. Rf8 Rb1+ 34. Kh2 Ne6 35. Rxf7+ Kg6 36. Nxh6 Rxb6 37. f4 gxf4 38. g5 Bxg5 39. Rf5 Kxh6 40. Kh3 Kg6 41. Kg4 Rd6 42. Re5 Kf6 43. Rf5+ Ke7 0-1

[Event "January 2 Early 2024"]
[Site "https://www.chess.com"]
[Date "2024.01.02"]
[Round "9"]
[White "Reprintsev, Alexander"]
[Black "Arslanov, Shamil"]
[Result "1-0"]
[Board "58"]
[TimeControl "180+1"]
[WhiteFideId "14100541"]
[BlackFideId "4192826"]
[WhiteElo "2488"]
[BlackElo "2680"]
[WhiteTeam "UKR"]
[BlackTeam "RUS"]
[WhiteClock "0:00:18"]
[BlackClock "0:00:12"]

1. e4 d6 2. d4 e5 3. dxe5 Nc6 4. Bb5 Bd7 5. exd6 Bxd6 6. Nf3 a6 7. Ba4 Qe7 8. O-O O-O-O 9. Qe2 Nf6 10. Re1 Rhe8 11. Bg5 Ne5 12. Bxd7+ Rxd7 13. Nc3 h6 14. Bh4 Nxf3+ 15. Qxf3 g5 16. Bg3 g4 17. Qf5 Bxg3 18. hxg3 Qe5 19. Qf4 Qg5 20. e5 Rde7 21. Qd4 Rxe5 22. Rxe5 Qxe5 23. Qa7 c6 24. Rd1 Kc7 25. a4 h5 26. Rd3 Qe1+ 27. Kh2 Qe5 28. Re3 Qf5 29. Rxe8 Nxe8 30. Qd4 Nd6 31. b4 a5 32. b5 f6 33. b6+ Kd7 34. Qe3 Qe5 35. Qd2 Ke7 36. Ne2 Ne4 37. Qh6 Nxf2 38. Nf4 Qa1 39. Qg7+ Kd6 40. Qf8+ Ke5 41. Qc5+ Ke4 42. Qxf2 Qxa4 43. Qe2+ Kd4 44. Ne6+ Kc3 45. Qd3+ Kb2 46. Nc5 Qxc2 47. Qd4+ Kb1 48. Nd3 a4 49. Qg1+ Ka2 50. Nb4+ Kb3 51. Nxc2 Kxc2 52. Qa1 Kb3 53. Qxf6 a3 54. Qa1 a2 55. Kg1 c5 56. Kf2 c4 57. Ke2 c3 58. Kd1 c2+ 59. Kc1 Kc4 60. Qxa2+ Kb5 61. Qxc2 Kxb6 62. Qg6+ Ka5 63. Qxh5+ b5 64. Qxg4 b4 65. Kb2 b3 66. Qf4 Ka6 67. Kxb3 Ka7 68. Qb4 Ka8 69. g4 Ka7 70. Kc4 Ka8 71. Kc5 Ka7 72. Kc6 Ka8 73. Qb7# 1-0

[Event "January 2 Early 2024"]
[Site "https://www.chess.com"]
[Date "2024.01.02"]
[Round "9"]
[White "Ovezdurdyyeva, Jemal"]
[Black "Kuzhylnyi, Oleksandr"]
[Result "1-0"]
[Board "59"]
[TimeControl "180+1"]
[WhiteFideId "14001888"]
[BlackFideId "34110500"]
[WhiteElo "2446"]
[BlackElo "2673"]
[WhiteTeam "TKM"]
[BlackTeam "UKR"]
[WhiteClock "0:00:12"]
[BlackClock "0:00:13"]

1. e4 g6 2. d4 Bg7 3. Nc3 d6 4. Be3 a6 5. a4 Nc6 6. Be2 e5 7. Nf3 exd4 8. Nxd4 Nge7 9. O-O O-O 10. Qd2 Re8 11. f4 f5 12. Rae1 Kh8 13. Nxc6 Nxc6 14. Bd3 Qf6 15. exf5 Bxf5 16. Nd5 Qf7 17. Bxf5 gxf5 18. c3 Re4 19. Bf2 Rxa4 20. Qd3 Re4 21. Rxe4 fxe4 22. Qxe4 Re8 23. Qd3 b5 24. Bg3 Na5 25. f5 Be5 26. f6 Nc4 27. Nb4 Nxb2 28. Qd5 Qxd5 29. Nxd5 Bxg3 30. hxg3 c6 31. Nc7 Rf8 32. f7 Nc4 33. Ne6 Ne3 34. Nxf8 Nxf1 35. Ng6+ 1-0

[Event "January 2 Early 2024"]
[Site "https://www.chess.com"]
[Date "2024.01.02"]
[Round "9"]
[White "Domingo Nunez, Alejandro"]
[Black "Begunov, Konstantin"]
[Result "1-0"]
[Board "60"]
[TimeControl "180+1"]
[WhiteFideId "22245561"]
[BlackFideId "4118510"]
[WhiteElo "2670"]
[BlackElo "2446"]
[WhiteTeam "ESP"]
[BlackTeam "RUS"]
[WhiteClock "0:01:08"]
[BlackClock "0:00:21"]

1. Nf3 d5 2. g3 c6 3. Bg2 Bg4 4. h3 Bh5 5. O-O Nd7 6. c4 e6 7. cxd5 cxd5 8. d4 Ngf6 9. Ne5 Bd6 10. g4 Bg6 11. f4 Be4 12. Nc3 Bxg2 13. Kxg2 O-O 14. Qd3 Rc8 15. Be3 Nb6 16. b3 Bb4 17. Rac1 Nfd7 18. Nf3 Qe7 19. Bf2 Nb8 20. Bh4 f6 21. g5 Nc6 22. Kh1 Ba3 23. Rcd1 Qc7 24. gxf6 Nb4 25. Qe3 Qxc3 26. Qxe6+ Rf7 27. Ne5 Rf8 28. fxg7 Kxg7 29. Rg1+ Kh8 30. Nxf7+ Rxf7 31. Qe8+ Rf8 32. Bf6# 1-0

[Event "January 2 Early 2024"]
[Site "https://www.chess.com"]
[Date "2024.01.02"]
[Round "9"]
[White "Astafurov, Arseniy"]
[Black "Tanriverdi, Enes"]
[Result "0-1"]
[Board "61"]
[TimeControl "180+1"]
[WhiteFideId "24175218"]
[BlackFideId "34543279"]
[WhiteElo "2439"]
[BlackElo "2669"]
[WhiteTeam "RUS"]
[BlackTeam "TUR"]
[WhiteClock "0:00:01"]
[BlackClock "0:00:14"]

1. c4 Nf6 2. Nc3 e6 3. e4 d5 4. cxd5 exd5 5. e5 Ne4 6. Nf3 Nc6 7. Bb5 Be7 8. O-O O-O 9. h3 Bf5 10. d3 Nxc3 11. bxc3 Na5 12. Nd4 Bg6 13. e6 Bf6 14. Re1 c5 15. exf7+ Bxf7 16. Ne6 Bxe6 17. Rxe6 Bxc3 18. Rb1 a6 19. Ba4 b5 20. Bc2 Qd7 21. Qg4 Rae8 22. Rxe8 Qxe8 23. Be3 d4 24. Bf4 Rf6 25. Bg3 h6 26. a4 b4 27. Bc7 Nc6 28. Bb3+ Kh7 29. Bd5 g6 30. h4 Bd2 31. h5 g5 32. Be4+ Kg7 33. Rd1 Bf4 34. Bxf4 Rxf4 35. Qh3 Ne5 36. Rc1 c4 37. g3 Rxe4 38. dxe4 c3 39. f4 d3 40. fxe5 d2 41. Rf1 c2 42. Qf5 d1=Q 43. Qf6+ Kg8 44. e6 c1=Q 0-1